 Dungeon Crawl Stone Soup version 0.27-a0-1119-gbf574a6a6b (webtiles) character file.

Game seed: 17221118026573397787

742 Zeld the Chucker (level 7, -5/49 HPs)
             Began as an Octopode Fighter on May 2, 2021.
             Slain by an iguana (14 damage)
             ... on level 5 of the Dungeon.
             The game lasted 00:08:16 (4602 turns).

Zeld the Chucker (Octopode Fighter)                 Turns: 4602, Time: 00:08:17

Health: -5/49      AC:  1    Str: 18    XL:     7   Next: 76%
Magic:  7/7        EV: 16    Int: 10    God:
Gold:   51         SH: 10    Dex: 17    Spells: 6/6 levels left

rFire    . . .     SeeInvis .   a - +0 war axe
rCold    . . .     Faith    .   b - +0 kite shield
rNeg     . . .     Spirit   .   (helmet restricted)
rPois    .         Reflect  .   i - amulet of regeneration
rElec    .         Harm     .   r - +4 ring of evasion
rCorr    .         Rampage  .   u - +6 ring of dexterity
Will     .....                  (no ring)
Stlth    +++.......             (no ring)
HPRegen  1.16/turn              (no ring)
MPRegen  0.10/turn              (no ring)
                                (no ring)
                                (no ring)

@: very slightly contaminated, invisible
A: almost no armour, amphibious, 8 rings, camouflage 1, gelatinous body 1,
(nimble swimmer 1), tentacles
a: no special abilities


You were on level 5 of the Dungeon.
You visited 1 branch of the dungeon, and saw 5 of its levels.

You collected 233 gold pieces.
You spent 182 gold pieces at shops.

Inventory:

Hand Weapons
 a - a +0 war axe (weapon)
Missiles
 o - 4 poisoned darts (quivered)
 v - 3 javelins
 w - 5 boomerangs
Armour
 b - a +0 kite shield (worn)
Jewellery
 i - an amulet of regeneration (around mantle)
 r - a +4 ring of evasion (left tentacle)
 u - a +6 ring of dexterity (right tentacle)
Wands
 h - a wand of acid (9)
 m - a wand of iceblast (6)
Scrolls
 c - a scroll of enchant armour {unknown}
 d - a scroll of fog {unknown}
 e - 2 scrolls of identify {unknown}
 l - 2 scrolls of enchant weapon {unknown}
 s - 2 scrolls of acquirement {unknown}
 t - a scroll of torment {unknown}
 x - a scroll of vulnerability {unknown}
Potions
 f - a potion of flight {unknown}
 g - 3 potions of heal wounds {unknown}
 j - a potion of magic {unknown}
 k - a potion of ambrosia {unknown}
 n - 2 potions of lignification {unknown}
 p - 3 potions of curing
 q - a potion of mutation {unknown}


   Skills:
 - Level 4.4 Fighting
 - Level 3.7 Axes
 * Level 5.8 Throwing
 - Level 3.0 Dodging
 - Level 4.4 Shields


You had 6 spell levels left.
You didn't know any spells.
Your spell library contained the following spells:

 Spells                   Type           Power      Damage    Failure   Level
 Shock                    Conj/Air       0%         1d3       83%         1
 Static Discharge         Conj/Air       0%         N/A       92%         2
 Swiftness                Air            0%         N/A       99%         3
 Airstrike                Air            0%         N/A       100%        4
 Lightning Bolt           Conj/Air       0%         1d11      100%        5


Dungeon Overview and Level Annotations

Branches:
Dungeon (5/15)
 Temple: D:4-7

Altars:
Wu Jian
The Shining One

Shops:
D:1 (   D:4 !


Innate Abilities, Weirdness & Mutations

You cannot wear most types of armour.
You are amphibious.
You can wear up to eight rings at the same time.
Your skin changes colour to match your surroundings (Stealth+).
Your rubbery body absorbs attacks. (AC +1, EV +1)
((You are camouflaged near water. (Stealth+)))
You have tentacles for arms and can constrict up to eight enemies at once.


Message History

You hit the iguana but do no damage. The iguana bites you!
The orc wizard gestures at you while chanting.
The puff of flame hits you.
* * * LOW HITPOINT WARNING * * *
The iguana closely misses you.
Unknown command.
You feel better.
The orc wizard hits you with a +0 dagger.
You block the iguana's attack.
You barely miss the orc wizard. You grab the orc wizard. You hit the iguana.
You constrict the orc wizard. You block the orc wizard's attack.
The iguana bites you!
* * * LOW HITPOINT WARNING * * *
You block the orc wizard's attack.
Unknown command.
You fade into invisibility!
You constrict the orc wizard. The iguana closely misses you.
The orc wizard misses you.
You are very lightly contaminated with residual magic.
You slash the orc wizard!
The orc wizard is almost dead.
You strike the helpless iguana from behind!
You hit the iguana. You constrict the orc wizard.
You kill the orc wizard!
The iguana bites you!
* * * LOW HITPOINT WARNING * * *
You block the iguana's attack.
You hit the orc.
You kill the orc!
You catch the helpless iguana completely off-guard!
You hit the iguana. You block the iguana's attack. The orc misses you.
Unknown command.
You catch the helpless orc completely off-guard!
You hit the orc. You grab the orc.
The orc is heavily wounded.
Your shield prevents you from hitting the iguana.
You constrict the orc.
You kill the orc!
The iguana bites you!
You die...

......# #.# #.#(.. ...
......# #.# #.#.. #..
......# #.# #.#.....
.#...## #.# #.#.#.##
###.## #.# #.#....## #
#.######.#####.#.....#.
#
#.....................?
#
##.###########O#.....#.
# #.# #@ls...... ####.#
###.....## ...>.#
.....# ###### ######


You could see an ogre (wandering), a scorpion and an iguana.

Vanquished Creatures
  Grinder (D:3)
  A sky beast (D:4)
  An orc priest (D:5)
  2 bullfrog skeletons
  Natasha (thrice) (D:2)
  2 iguanas
  Ijyb (D:3)
  Terence (D:2)
  An orc wizard (D:5)
  2 adders
  2 white imps
  An ufetubus (D:5)
  A worm (D:3)
  5 dart slugs
  12 orcs
  12 ball pythons
  12 endoplasms
  2 giant cockroaches
  8 goblins
  14 hobgoblins
  14 jackals
  5 quokkas
  7 bats
  A frilled lizard (D:2)
  4 kobolds
  6 rats
121 creatures vanquished.

Notes
Turn   | Place    | Note
-------+----------+-------------------------------------------
     0 | D:1      | Zeld the Octopode Fighter began the quest for the Orb.
     0 | D:1      | Reached XP level 1. HP: 16/16 MP: 1/1
     6 | D:1      | Found Udesuh's Antique Weapon Emporium.
   461 | D:1      | Reached XP level 2. HP: 15/21 MP: 2/2
   811 | D:1      | Reached XP level 3. HP: 26/26 MP: 3/3
   902 | D:1      | Found a faded altar of an unknown god.
  1525 | D:2      | Noticed Terence
  1533 | D:2      | Killed Terence
  1534 | D:2      | Reached XP level 4. HP: 24/33 MP: 4/4
  1772 | D:2      | Noticed Natasha
  1781 | D:2      | Killed Natasha
  1891 | D:2      | Noticed Natasha
  1898 | D:2      | Killed Natasha
  1899 | D:2      | Reached XP level 5. HP: 22/37 MP: 5/5
  2113 | D:2      | Noticed Natasha
  2118 | D:2      | Killed Natasha
  2642 | D:3      | Noticed Ijyb
  2651 | D:3      | Killed Ijyb
  3174 | D:3      | Noticed Grinder
  3178 | D:3      | Killed Grinder
  3179 | D:3      | Reached skill level 3 in Throwing
  3179 | D:3      | Reached XP level 6. HP: 44/44 MP: 6/6
  3388 | D:3      | Reached XP level 7. HP: 40/49 MP: 7/7
  3731 | D:4      | Reached skill level 4 in Throwing
  3909 | D:4      | Found Pixu's Distillery.
  3914 | D:4      | Bought a potion of curing for 39 gold pieces
  3914 | D:4      | Bought a potion of curing for 39 gold pieces
  3914 | D:4      | Bought a potion of invisibility for 104 gold pieces
  3994 | D:4      | Found an ornate altar of the Wu Jian Council.
  4147 | D:4      | Reached skill level 5 in Throwing
  4356 | D:5      | Entered Level 5 of the Dungeon
  4406 | D:5      | Found a glowing golden altar of the Shining One.
  4602 | D:5      | Slain by an iguana

Illustrated notes

Levels and vault maps discovered:
D:1:      tarquinn_simple_flora_water_c, layout_loops_corners,
          ebering_ecumenical_altar_webs, serial_shops, shop, dk_noncrumbling_3
D:2:      layout_loops_cross, chequers_serial_rivers_micro_c, minivault_11,
          minmay_randomly_rotated_circles, uniq_terence, uniq_natasha
D:3:      minmay_razor_zed, layout_basic, grunt_ministairs_2, uniq_grinder,
          uniq_ijyb
D:4:      minmay_evil_eye, layout_basic, nicolae_wu_jian_wuxing_cycle,
          serial_shops, shop, minmay_misc_feat_chi
D:5:      layout_loops_ring, chequers_temple_overflow_minitemple,
          nicolae_tso_carved_into_rock, uniq_pikel

Skill      XL: |  1  2  3  4  5  6  7 |
---------------+----------------------+-----
Axes           | 3 |  3.7
Fighting       | 4 |  4.4
Shields        | 4 |  4.4
Throwing       | 3 5 |  5.8
Dodging        | |  3.0

Action                   |  1- 3 |  4- 6 |  7- 9 || total
-------------------------+-------+-------+-------++-------
Melee: War axe           |    57 |    87 |    70 ||   214
       Constrict         |    13 |    19 |    19 ||    51
       Tentacles         |     7 |    18 |    12 ||    37
Throw: Dart              |       |       |     1 ||     1
Evoke: Wand              |       |     3 |       ||     3
  Use: Potion            |     1 |       |     2 ||     3
 Stab: Sleeping          |     9 |     6 |     6 ||    21
       Invisible         |       |       |     3 ||     3
Armor: Skin              |     4 |    10 |     2 ||    16
Dodge: Dodged            |    16 |    32 |    43 ||    91
Block: Kite shield       |    27 |    50 |    45 ||   122

Table legend: (Time is in decaauts)
 A = Elapsed time spent in this place.
 B = Non-inter-level travel time spent in this place.
 C = Inter-level travel time spent in this place.
 D = Time resting spent in this place.
 E = Time spent auto-exploring this place.
 F = Levels seen in this place.
 G = Mean time per level.
                   A        B        C        D        E       F      G
               +--------+--------+--------+--------+--------+-----+--------+
         Total |   4731 |   4619 |    112 |      0 |   3825 |   5 |  946.2 |
       Dungeon |   4731 |   4619 |    112 |      0 |   3825 |   5 |  946.2 |
               +--------+--------+--------+--------+--------+-----+--------+

Top non-repeatable levels by time:
     D:1: 1527 daAuts
     D:2: 1185 daAuts
     D:3: 955 daAuts
     D:4: 801 daAuts
     D:5: 262 daAuts
